 Dungeon Crawl Stone Soup version 0.28.0-53-g5a82cb258f (webtiles) character file.

Game seed: 8445211639587174922

444 Plasmagod the Chopper (level 7, -9/60 HPs)
             Began as a Hill Orc Fighter on July 20, 2022.
             Was a Priest of Cheibriados.
             Mangled by a two-headed ogre
             ... wielding a +0 giant spiked club
              (10 damage)
             ... on level 5 of the Dungeon.
             The game lasted 00:05:51 (3901 turns).

Plasmagod the Chopper (Hill Orc Fighter)            Turns: 3901, Time: 00:05:52

Health: -9/60      AC:  9    Str: 28    XL:     7   Next: 3%
Magic:  9/9        EV: 10    Int: 15    God:    Cheibriados [***...]
Gold:   244        SH: 10    Dex: 17    Spells: 6/6 levels left

rFire   . . .      SeeInvis .   a - +0 war axe
rCold   . . .      Faith    .   c - +0 buckler
rNeg    . . .      Spirit   .   b - +0 scale mail
rPois   .          Reflect  +   (no helmet)
rElec   .          Harm     .   (no cloak)
rCorr   .          Rampage  .   j - +0 pair of gloves
Will    .....                   i - +0 pair of boots
Stlth   ..........              m - amulet of reflection
HPRegen 0.20/turn               (no ring)
MPRegen 0.11/turn               (no ring)

@: very slow
A: no striking features
a: Renounce Religion, Bend Time, Temporal Distortion


You were on level 5 of the Dungeon.
You worshipped Cheibriados.
Cheibriados was most pleased with you.
You visited 1 branch of the dungeon, and saw 5 of its levels.

You collected 296 gold pieces.
You spent 52 gold pieces at shops.

Inventory:

Hand Weapons
 a - a +0 war axe (weapon)
Armour
 b - a +0 scale mail (worn)
 c - a +0 buckler (worn)
 i - a +0 pair of boots (worn)
 j - a +0 pair of gloves (worn)
Jewellery
 m - an amulet of reflection (around neck)
 s - a ring of wizardry
 t - a ring of poison resistance
Wands
 n - a wand of iceblast (14)
 q - a wand of digging (3)
 r - a wand of flame (20)
Scrolls
 e - 4 scrolls of identify {unknown}
 g - a scroll of enchant weapon {unknown}
 h - a scroll of enchant armour {unknown}
 o - 2 scrolls of magic mapping {unknown}
 p - a scroll of brand weapon {unknown}
 w - a scroll of teleportation {unknown}
Potions
 d - 3 potions of might
 f - 2 potions of attraction {unknown}
 k - a potion of curing {unknown}
 l - a potion of flight {unknown}
 u - a potion of brilliance {unknown}
 v - a potion of haste {unknown}
 x - a potion of berserk rage {unknown}


   Skills:
 + Level 4.8 Fighting
 + Level 6.1 Axes
 + Level 4.6 Armour
 + Level 1.1 Dodging
 + Level 0.3 Stealth
 + Level 4.2 Shields
 * Level 2.8 Invocations


You had 6 spell levels left.
You didn't know any spells.
Your spell library contained the following spells:

 Spells                   Type           Power      Damage    Failure   Level
 Magic Dart               Conj           0%         1d3       58%         1
 Call Imp                 Summ           0%         N/A       73%         2
 Mephitic Cloud           Conj/Pois/Air  0%         N/A       91%         3


Dungeon Overview and Level Annotations

Branches:
Dungeon (5/15)             Temple (0/1) D:4

Altars:
Cheibriados
Elyvilon
Yredelemnul

Shops:
D:3 *

Annotations:
D:5 Dowan, Duvessa


Message History

The two-headed ogre is moderately wounded.
The two-headed ogre barely misses you. x2
You hit the two-headed ogre.
The two-headed ogre is moderately wounded.
The two-headed ogre barely misses you. You block the two-headed ogre's attack.
You hit the two-headed ogre.
The two-headed ogre is moderately wounded.
You hear the rusting of a very distant drain.
Duvessa zaps a wand.
You hear a grinding noise.
The two-headed ogre hits you with a +0 giant spiked club!!
The two-headed ogre hits you with a +0 giant club!!
You hit the two-headed ogre.
The two-headed ogre is heavily wounded.
The two-headed ogre closely misses you. You block the two-headed ogre's attack.
You slash the two-headed ogre!
The two-headed ogre is heavily wounded.
The two-headed ogre closely misses you. x2
You slash the two-headed ogre!
The two-headed ogre is severely wounded.
You hear a zap.
Some rock shatters into small pieces.
You block the two-headed ogre's attack.
The two-headed ogre hits you with a +0 giant club.
* * * LOW HITPOINT WARNING * * *
You closely miss the two-headed ogre.
The two-headed ogre is severely wounded.
You slash the scorpion! The scorpion completely misses you.
You barely miss the two-headed ogre.
The two-headed ogre is severely wounded.
You closely miss the scorpion. The scorpion barely misses you.
You block the two-headed ogre's attack.
The two-headed ogre hits you with a +0 giant club!
* * * LOW HITPOINT WARNING * * *
The scorpion stings you but does no damage.
Duvessa zaps a wand.
Some rock shatters into small pieces.
You hit the two-headed ogre.
The two-headed ogre is severely wounded.
You hit the scorpion but do no damage.
The two-headed ogre hits you with a +0 giant spiked club!
You die...

#..### #..# . #..# ..
#..# #..######## #..#
.......... # #..#
....e.. #.##.#..#
..###.s.######..#.#..###
.....eO@.....##.#..^>..#
......#...##.##..##...##
##### ##...#..........#
#....###..#...# ##..#
#..#...# #..##.....##
#.....#...#
#######...##. ##.....


You could see a two-headed ogre, Duvessa, Dowan and a scorpion.

Vanquished Creatures
  A black bear (D:4)
  2 hounds (D:5)
  A gnoll shaman (D:4)
  2 iguanas
  2 orc wizards
  4 gnolls
  5 adders
  A shadow imp (D:3)
  An adder skeleton (D:4)
  2 dart slugs
  9 orcs
  3 ball pythons
  5 endoplasms
  3 giant cockroaches
  6 goblins
  5 hobgoblins
  2 jackals (D:1)
  A quokka (D:1)
  A bat (D:1)
  5 frilled lizards
  4 kobolds (D:1)
  2 rats (D:1)
67 creatures vanquished.

Vanquished Creatures (others)
  A butterfly (D:3)
1 creature vanquished.

Grand Total: 68 creatures vanquished

Notes
Turn   | Place    | Note
-------+----------+-------------------------------------------
     0 | D:1      | Plasmagod the Hill Orc Fighter began the quest for the Orb.
     0 | D:1      | Reached XP level 1. HP: 19/19 MP: 1/1
   519 | D:1      | Reached skill level 3 in Axes
   519 | D:1      | Reached XP level 2. HP: 15/27 MP: 2/2
   670 | D:1      | Found a faded altar of an unknown god.
   680 | D:1      | Prayed at the altar of an unknown god.
   680 | D:1      | Became a worshipper of Cheibriados the Contemplative
   680 | D:1      | Reached * piety under Cheibriados
   929 | D:1      | Reached XP level 3. HP: 23/33 MP: 3/3
  1697 | D:2      | Reached skill level 4 in Axes
  1810 | D:2      | Reached XP level 4. HP: 40/40 MP: 4/4
  2213 | D:3      | Reached ** piety under Cheibriados
  2214 | D:3      | Reached skill level 1 in Invocations
  2223 | D:3      | Found Eblue's General Store.
  2269 | D:3      | Bought a potion of might for 52 gold pieces
  2345 | D:3      | Found a white marble altar of Elyvilon.
  2397 | D:3      | Reached XP level 5. HP: 22/46 MP: 5/5
  2575 | D:3      | Found a basalt altar of Yredelemnul.
  3252 | D:4      | Found a staircase to the Ecumenical Temple.
  3289 | D:4      | Noticed a black bear
  3297 | D:4      | Killed a black bear
  3298 | D:4      | Reached skill level 5 in Axes
  3298 | D:4      | Reached skill level 1 in Dodging
  3298 | D:4      | Reached XP level 6. HP: 52/53 MP: 7/7
  3623 | D:4      | Reached *** piety under Cheibriados
  3728 | D:5      | Entered Level 5 of the Dungeon
  3818 | D:5      | Reached skill level 6 in Axes
  3821 | D:5      | Reached XP level 7. HP: 41/60 MP: 7/9
  3890 | D:5      | Noticed a two-headed ogre
  3891 | D:5      | Noticed Duvessa
  3892 | D:5      | Noticed Dowan
  3900 | D:5      | HP: 1/60 [two-headed ogre/+0 giant spiked club (15)]
  3901 | D:5      | Mangled by a two-headed ogre

Illustrated notes

Levels and vault maps discovered:
D:1:      lightli_molten_gateway, layout_basic,
          ebering_ecumenical_altar_abandoned
D:2:      layout_basic, hangedman_glass_teeth, minmay_pentomino_s2
D:3:      layout_loops_cross, mainiacjoe_overflow_alcove_4,
          nicolae_elyvilon_peaceful_grove, serial_shops,
          nicolae_shop_statue_plus
D:4:      layout_gridville, minmay_temple_entry_glassed_door, grunt_tough_drop
D:5:      layout_basic, portal_sewer_entry_b, chequers_serial_rivers_small_b,
          nicolae_zen_rock_garden, uniq_duvessa

Skill      XL: |  1  2  3  4  5  6 |
---------------+-------------------+-----
Axes           | 3 4 5 6 |  6.1
Armour         | 4 |  4.6
Fighting       | 4 |  4.8
Invocations    | 1 2 |  2.8
Shields        | 4 |  4.2
Dodging        | 1 |  1.1
Stealth        | |  0.3

Action                   |  1- 3 |  4- 6 |  7- 9 || total
-------------------------+-------+-------+-------++-------
Melee: War axe           |    62 |   112 |     9 ||   183
Armor: Scale mail        |    26 |    50 |     1 ||    77
Dodge: Dodged            |    40 |    52 |     8 ||   100
Block: Buckler           |    17 |    53 |     4 ||    74
       Reflection        |       |     1 |       ||     1
